Map: [ESL] Inside and Out

Players

Serral - Winner!

  • Race: Zerg Zerg
  • Spawn Location: 7:00

ForJumy

  • Race: Protoss Protoss
  • Spawn Location: 1:00

Event: DreamHack SC2 Masters 2022 Atlanta (Online)

VOD

Have the link to the VOD?

Description

Time

  • Played on: Oct. 4, 2022, 10:19 a.m.
  • Length: 8:10

All games in this series

Show
View Real Time Build Order
Export as new Build Order

Serral Zerg - Winner!

Build Orders: Pool First 

Get SALT Encoding   

  12  0:00  Drone  
  13  0:11  Overlord  
  13  0:17  Drone  
  14  0:30  Drone x2  
  14  0:34  Drone  
  17  0:44  Spawning Pool  
  17  0:47  Drone  
  17  1:14  Drone  
  17  1:15  Hatchery, Extractor  
  16  1:21  Drone  
  17  1:30  Queen  
  17  1:31  Zergling x2  
  20  1:33  Drone  
  20  1:39  Overlord  
  21  1:49  Drone  
  22  2:00  Drone  
  23  2:06  Queen  
  25  2:10  Drone  
  26  2:21  Zergling x2  
  27  2:28  Metabolic Boost  
  27  2:29  Drone  
  28  2:31  Drone  
  29  2:38  Queen, Overlord  
  29  2:39  Drone x3  
  33  2:45  Drone  
  33  2:51  Drone  
  35  3:00  Hatchery  
  35  3:02  Drone  
  35  3:09  Overlord  
  35  3:10  Zergling x2  
  36  3:15  Queen  
  36  3:18  Drone  
  39  3:21  Drone  
  39  3:24  Drone x2  
  42  3:33  Queen, Drone  
  45  3:41  Zergling x2, Overlord  
  45  3:46  Drone x4  
  47  3:50  Drone x2  
  47  3:53  Drone  
  49  3:57  Queen  
  51  4:03  Drone x2  
  51  4:04  Drone  
  54  4:10  Zergling x2  
  54  4:15  Spore Crawler  
  54  4:16  Overlord  
  54  4:17  Drone  
  54  4:20  Spore Crawler  
  54  4:21  Drone x4  
  58  4:27  Overlord  
  58  4:29  Zergling x2  
  58  4:31  Drone x2  
  60  4:35  Roach Warren  
  59  4:39  Zergling x2  
  59  4:43  Overlord  
  59  4:44  Extractor  
  59  4:46  Drone x3  
  59  4:50  Zergling x2, Drone  
  59  4:51  Drone x2  
  66  4:53  Drone x2  
  68  5:00  Zergling x2  
  68  5:01  Drone x3  
  68  5:04  Lair  
  68  5:06  Extractor  
  71  5:10  Overlord  
  71  5:15  Drone  
  71  5:19  Drone  
  71  5:20  Drone  
  74  5:21  Drone  
  74  5:23  Evolution Chamber  
  74  5:30  Drone x4  
  74  5:33  Extractor  
  77  5:36  Drone  
  77  5:37  Roach x6  
  91  5:43  Overlord  
  91  5:44  Spine Crawler, Overlord  
  91  5:46  Overlord  
  91  5:47  Spine Crawler  
  89  5:57  Overlord  
  89  6:02  Spine Crawler  
  89  6:03  Roach  
  89  6:04  Roach x8  
  105  6:10  Roach x4  
  112  6:12  Glial Reconstitution  
  112  6:20  Roach x2  
  110  6:31  Roach  
  110  6:32  Roach x6  
  121  6:37  Overlord  
  119  6:41  Extractor x2  
  115  6:53  Roach  
  115  6:55  Hatchery  
  115  7:00  Evolution Chamber  
  113  7:03  Roach x5  
  123  7:12  Overlord x3  
  123  7:24  Overlord  
  123  7:32  Roach x7  
  135  7:38  Roach  
  135  7:39  Roach  
Show
View Real Time Build Order
Export as new Build Order

ForJumy Protoss 

Build Orders: 1 Gate Expand, Oracle Opening 

Get SALT Encoding   

  12  0:00  Probe  
  13  0:12  Probe  
  14  0:18  Pylon  
  14  0:24  Probe  
  15  0:37  Gateway  
  15  0:39  Probe (Chrono Boost)  
  16  0:48  Probe (Chrono Boost)  
  17  0:50  Assimilator  
  17  0:54  Probe  
  18  1:06  Probe  
  19  1:18  Probe  
  20  1:29  Cybernetics Core  
  20  1:36  Nexus  
  20  1:41  Probe  
  21  1:47  Pylon  
  21  1:52  Assimilator  
  21  1:54  Probe  
  22  2:02  Adept (Chrono Boost)  
  22  2:06  Probe  
  25  2:18  Probe  
  26  2:27  Adept  
  28  2:30  Probe  
  28  2:33  Stargate  
  29  2:43  Warp Gate, Probe (Chrono Boost)  
  30  2:48  Probe (Chrono Boost)  
  31  2:55  Probe (Chrono Boost)  
  31  2:57  Probe (Chrono Boost)  
  32  3:00  Probe (Chrono Boost)  
  32  3:02  Probe (Chrono Boost)  
  34  3:09  Probe  
  35  3:14  Probe  
  35  3:19  Void Ray (Chrono Boost)  
  40  3:21  Probe, Pylon  
  40  3:27  Probe  
  42  3:33  Probe  
  43  3:39  Probe  
  44  3:43  Nexus  
  44  3:45  Probe  
  43  3:53  Probe  
  42  3:56  Twilight Council, Oracle (Chrono Boost)  
  42  4:02  Pylon  
  45  4:03  Probe  
  45  4:08  Probe  
  47  4:12  Pylon  
  47  4:16  Robotics Facility  
  46  4:19  Probe  
  47  4:29  Pylon  
  47  4:31  Charge (Chrono Boost), Zealot  
  47  4:32  Probe  
  47  4:37  Shield Battery  
  50  4:40  Pylon  
  50  4:41  Gateway  
  50  4:47  Gateway  
  50  4:51  Gateway  
  50  4:52  Gateway  
  49  4:54  Zealot  
  49  4:58  Shield Battery  
  51  5:02  Gateway  
  51  5:03  Gateway  
  51  5:09  Gateway  
  51  5:13  Warp Prism (Chrono Boost)  
  53  5:25  Gateway  
  53  5:28  Zealot  
  53  5:31  Probe x2  
  57  5:38  Zealot  
  57  5:42  Zealot  
  61  5:45  Pylon x2  
  61  5:47  Zealot x2  
  65  5:54  Zealot  
  67  6:04  Zealot x5  
  67  6:07  Zealot x2  
  79  6:28  Zealot x4  
  79  6:29  Zealot x5  
  83  6:35  Probe  
  83  6:37  Probe  
  65  6:49  Immortal (Chrono Boost), Probe  
  61  6:55  Probe  
  60  7:01  Probe  
  60  7:04  Probe  
  60  7:13  Zealot x4  
  60  7:14  Zealot x5  
  60  7:18  Immortal (Chrono Boost)  
  60  7:20  Zealot x8  
  60  7:21  Zealot  
  80  7:25  Shield Battery  
  72  7:34  Assimilator  
  56  7:44  Sentry  
  56  7:47  Assimilator  
  56  7:51  Zealot x3  
  66  7:56  Zealot  
  70  7:59  Pylon  
  70  8:00  Pylon  
Tags
 
Add a new tag
Caveats
  • Supply blocks, unpowered buildings, or Contaminate may cause inaccurate times.
  • Supply counts are checked every 10 seconds.